 Dungeon Crawl Stone Soup version 0.29.0-7-g18a832c13a (webtiles) character file.

Game seed: 17494227402041302326

151 sanka the Ruffian (level 5, -6/50 HPs)
             Began as a Troll Cinder Acolyte on Aug 31, 2022.
             Was a High Priest of Ignis.
             Mangled by an ogre
             ... wielding a +0 giant spiked club
              (23 damage)
             ... on level 4 of the Dungeon.
             The game lasted 00:02:11 (1990 turns).

sanka the Ruffian (Troll Cinder Acolyte)            Turns: 1990, Time: 00:02:12

Health: -6/50      AC: 11    Str: 22    XL:     5   Next: 10%
Magic:  0/5        EV:  9    Int: 10    God:    Ignis [*****.]
Gold:   145        SH:  0    Dex:  7    Spells: 6/6 levels left

rFire   + . .      SeeInvis +     - Unarmed
rCold   . . .      Faith    .   (no shield)
rNeg    . . .      Spirit   +   a - +0 robe
rPois   .          Reflect  .   (helmet restricted)
rElec   .          Harm     .   (no cloak)
rCorr   .          Rampage  .   (gloves unavailable)
Will    +....                   (boots unavailable)
Stlth   +.........              j - amulet of guardian spirit
HPRegen 0.96/turn               n - ring of willpower
MPRegen 0.09/turn               c - ring of see invisible

@: fiery-armoured
A: large, unfitting armour, claws 3, regeneration 1, shaggy fur 1, tough skin 1
a: Renounce Religion, Fiery Armour, Foxfire Swarm, Rising Flame


You were on level 4 of the Dungeon.
You worshipped Ignis.
Ignis was extremely pleased with you.
You visited 1 branch of the dungeon, and saw 4 of its levels.

You collected 145 gold pieces.


Innate Abilities, Weirdness & Mutations

You are too large for most types of armour.
You have claws for hands.
Your natural rate of healing is unusually fast.
You are covered in fur. (AC +1)
You have tough skin. (AC +1)


   Skills:
 - Level 2.4 Fighting
 + Level 5.8 Unarmed Combat
 - Level 1.0 Spellcasting
 - Level 2.1 Fire Magic


You had 6 spell levels left.
You didn't know any spells.
Your spell library contained the following spells:

 Spells                   Type           Power      Damage    Failure   Level
 Scorch                   Fire           8%         2d5       22%         2
 Sublimation of Blood     Necr           0%         N/A       45%         2
 Petrify                  Tmut/Erth      0%         N/A       98%         4
 Irradiate                Conj/Tmut      0%         3d11      100%        5

Inventory:

Armour
 a - a +0 robe (worn)
Jewellery
 c - a ring of see invisible (right claw)
 g - a +6 ring of intelligence
 j - an amulet of guardian spirit (around neck)
 n - a ring of willpower (left claw)
 s - a ring of positive energy
Wands
 k - a wand of iceblast (6)
 q - a wand of paralysis (7)
Scrolls
 b - 5 scrolls of teleportation {unknown}
 d - a scroll of vulnerability {unknown}
 e - 2 scrolls of torment {unknown}
 h - 3 scrolls of identify {unknown}
 l - 2 scrolls of enchant armour {unknown}
 m - a scroll of immolation {unknown}
 o - a scroll of summoning {unknown}
 p - a scroll of poison {unknown}
 t - a scroll of blinking {unknown}
 u - a scroll of enchant weapon {unknown}
 v - a scroll of fear {unknown}
Potions
 f - a potion of berserk rage {unknown}
 i - 2 potions of curing {unknown}
 r - a potion of haste {unknown}

Dungeon Overview and Level Annotations

Branches:
Dungeon (4/15)
 Temple: D:4-7

Altars:

▒. .▒.▒▒▒▒ ▒
....... ..
....... ...
..... .... ...
.....
▒▒▒▒▒▒.▒+▒......
......OT<.......
▒▒▒.▒▒..........
▒..........
▒.....▒.▒▒▒
▒.....▒ ▒
▒.....▒ ▒▒....▒
▒▒▒▒.▒


You could see an ogre.


Message History

A worm is nearby!
You scratch the worm.
The worm is moderately wounded.
The worm closely misses you.
You claw the worm!
You kill the worm!
No target in view!
No target in view!
Done exploring.
Done exploring.
Done exploring.
Done exploring.
Done exploring.
Search for what [Enter for "."]?
There is a stone staircase leading down here.
You climb downwards.
There is a stone staircase leading up here.
Unknown command.
An ogre is nearby!
An ogre is nearby!
You barely miss the ogre. You claw the ogre!
The ogre is moderately wounded.
The ogre hits you with a +0 giant spiked club!!!
Ouch! That really hurt!
* * * LOW HITPOINT WARNING * * *
Use which ability? (? or * to list)
A protective cloak of flame settles atop you.
The ogre hits you with a +0 giant spiked club!!
You die...

Action                   |  1- 3 |  4- 6 || total
-------------------------+-------+-------++-------
Melee: Unarmed           |    84 |    34 ||   118
       Punch             |       |     1 ||     1
Invok: Fiery Armour      |       |     1 ||     1
Armor: Robe              |    34 |     5 ||    39
Dodge: Dodged            |    24 |    15 ||    39

Levels and vault maps discovered:
D:1:      wander_arrival_chamber, layout_loops_corners, serial_rivers,
          chequers_serial_rivers_micro_c, chequers_serial_rivers_micro_e,
          chequers_serial_rivers_micro_b, chequers_serial_rivers_small_3,
          chequers_serial_rivers_micro_c, chequers_serial_rivers_small_a,
          minmay_bisected
D:2:      layout_loops_ring, hellmonk_ecumenical_altar_the_god_not_taken
D:3:      layout_rooms
D:4:      layout_basic, minmay_temple_entry_junction

Notes
Turn   | Place    | Note
-------+----------+-------------------------------------------
     0 | D:1      | sanka the Troll Cinder Acolyte began the quest for the Orb.
     0 | D:1      | Reached XP level 1. HP: 22/22 MP: 1/1
   204 | D:1      | Reached XP level 2. HP: 29/29 MP: 2/2
   317 | D:1      | Reached skill level 4 in Unarmed Combat
   716 | D:1      | Reached XP level 3. HP: 36/36 MP: 3/3
  1295 | D:2      | Reached XP level 4. HP: 43/44 MP: 2/4
  1353 | D:2      | Reached skill level 5 in Unarmed Combat
  1418 | D:2      | Found a faded altar of an unknown god.
  1434 | D:2      | Found a faded altar of an unknown god.
  1704 | D:3      | Noticed a scorpion
  1716 | D:3      | Killed a scorpion
  1717 | D:3      | Reached XP level 5. HP: 26/50 MP: 3/5
  1985 | D:4      | Noticed an ogre
  1990 | D:4      | Mangled by an ogre

Vanquished Creatures
  A scorpion (D:3)
  3 adders
  2 worms
  3 dart slugs
  4 bats
  5 endoplasms
  2 giant cockroaches
  4 goblins
  2 hobgoblins (D:1)
  4 jackals (D:1)
  3 quokkas
  3 ball pythons
  5 frilled lizards
  7 kobolds
  4 rats
52 creatures vanquished.
